 Dungeon Crawl Stone Soup version 0.23-b1-70-gd12f7cf (webtiles) character file.

Game seed: 11468926526824197882

93 Kold the Chopper (level 4, -1/40 HPs)
             Began as a Hill Orc Monk on Feb 6, 2019.
             Killed by nerve-wracking pain
             ... invoked by a shadow imp
             ... summoned by Natasha
              (7 damage)
             ... on level 2 of the Dungeon.
             The game lasted 00:02:18 (1513 turns).

Kold the Chopper (Hill Orc Monk)                    Turns: 1513, Time: 00:02:19

Health: -1/40      AC:  3    Str: 14    XL:     4   Next: 62%
Magic:  4/4        EV: 13    Int: 10    God:
Gold:   129        SH:  0    Dex: 13    Spells: 3/3 levels left

rFire    . . .     SeeInvis .   a - +0 hand axe
rCold    . . .     Gourm    .   (no shield)
rNeg     . . .     Faith    .   b - +0 robe
rPois    .         Spirit   .   i - +0 helmet
rElec    .         Reflect  .   (no cloak)
rCorr    .         Harm     .   (no gloves)
MR       .....                  (no boots)
Stlth    +.........             k - amulet of the acrobat
HPRegen  0.13/turn              g - ring of attention (curse)
MPRegen  0.09/turn              h - +3 ring of slaying

@: no status effects
A: no striking features
a: no special abilities


You were on level 2 of the Dungeon.
You were not hungry.

You visited 1 branch of the dungeon, and saw 2 of its levels.

You collected 129 gold pieces.

Inventory:

Hand Weapons
 a - a +0 hand axe (weapon)
Armour
 b - a +0 robe (worn)
 i - a +0 helmet (worn)
Jewellery
 g - a cursed ring of attention (left hand)
 h - a +3 ring of slaying (right hand)
 k - an amulet of the acrobat (around neck)
Scrolls
 d - 4 scrolls of remove curse {unknown}
 j - a scroll of fear {unknown}
Potions
 e - a potion of mutation {unknown}
 f - a potion of haste {unknown}
Comestibles
 c - 6 rations
 l - a chunk of flesh


   Skills:
 - Level 4.0 Fighting
 + Level 6.1 Axes
 - Level 3.0 Dodging
 - Level 1.5 Stealth


You had 3 spell levels left.
You didn't know any spells.
Your spell library was empty.

Dungeon Overview and Level Annotations

Branches:
Dungeon (2/15)

Altars:
Qazlal

Annotations:
D:2 Natasha


Message History

You barely miss Natasha.
You hit the shadow imp but do no damage.
Natasha casts a spell at you. You resist with some effort.
The shadow imp hits you.
You hit Natasha but do no damage. You hit the shadow imp. Natasha claws you.
The shadow imp hits you but does no damage.
You are too injured to fight recklessly!
You hit Natasha.
Natasha is lightly wounded.
You hit the shadow imp. Natasha closely misses you.
The shadow imp closely misses you.
You miss Natasha.
Natasha is lightly wounded.
You barely miss the shadow imp. Natasha casts a spell at you.
The magic dart hits you!
* * * LOW HITPOINT WARNING * * *
The shadow imp gestures at you. Pain shoots through your body!
You die...

≈≈≈≈≈≈≈.≈....#........###
.≈≈.≈≈...##..#.####..(...
≈≈.≈.....# .## ....(.####
..####.#÷##.##..####.#
..(....)....... #.#
#######†....... ..####
#..####.. ###...
#.5...... #... #@.####.#
#... .......h....... #...
...........#.## #...
..>........# #...
.....<.....# +...
.....$.....# #...
...........# #...
##########.# ##+# #


You could see Natasha and a shadow imp.

Vanquished Creatures
  Natasha (twice) (D:2)
  An adder (D:2)
  A leopard gecko (D:2)
  A giant cockroach (D:1)
  5 goblins
  4 hobgoblins
  4 jackals (D:1)
  6 kobolds
  A quokka (D:2)
  2 bats
  A frilled lizard (D:1)
  6 rats
34 creatures vanquished.

Notes
Turn   | Place    | Note
-------+----------+-------------------------------------------
     0 | D:1      | Kold the Hill Orc Monk began the quest for the Orb.
     0 | D:1      | Reached XP level 1. HP: 19/19 MP: 1/1
   132 | D:1      | Reached XP level 2. HP: 16/27 MP: 2/2
  1067 | D:2      | Noticed Natasha
  1069 | D:2      | Reached XP level 3. HP: 33/33 MP: 3/3
  1081 | D:2      | Killed Natasha
  1081 | D:2      | Reached skill level 5 in Axes
  1089 | D:2      | Noticed Natasha
  1093 | D:2      | Found a stormy altar of Qazlal.
  1374 | D:2      | Reached XP level 4. HP: 38/40 MP: 4/4
  1462 | D:2      | Found a faded altar of an unknown god.
  1482 | D:2      | Killed Natasha
  1482 | D:2      | Reached skill level 6 in Axes
  1506 | D:2      | Noticed Natasha
  1513 | D:2      | Killed from afar by a shadow imp

Skill      XL: |  1  2  3  4 |
---------------+-------------+-----
Fighting       | 4 |  4.0
Axes           | 5 6 |  6.1
Dodging        | 3 |  3.0
Stealth        | |  1.5

Action                   |  1- 3 |  4- 6 || total
-------------------------+-------+-------++-------
Melee: Hand axe          |    77 |    17 ||    94
 Stab: Sleeping          |     1 |       ||     1
  Eat: Chunk             |     1 |     1 ||     2
Armor: Robe              |     9 |     2 ||    11
Dodge: Dodged            |    58 |    11 ||    69
